 Dungeon Crawl Stone Soup version 0.22.0-6-g71bd7aa6b3 (webtiles) character file.

63 Rerark the Skirmisher (level 3, -1/33 HPs)
             Began as a Draconian Berserker on Aug 14, 2018.
             Was a Believer of Trog.
             Slain by Grinder (2 damage)
             ... on level 3 of the Dungeon.
             The game lasted 00:07:39 (1836 turns).

Rerark the Skirmisher (Draconian Berserker)         Turns: 1836, Time: 00:07:49

Health: -1/33      AC:  7    Str: 20    XL:     3   Next: 89%
Magic:  3/3        EV: 10    Int:  7    God:    Trog [**....]
Gold:   122        SH:  5    Dex: 10    Spells: 2/2 levels left

rFire    x . .     SeeInvis .   a - +0 hand axe
rCold    + . .     Gourm    .   l - -2 shield (curse)
rNeg     . . .     Faith    .   (armour unavailable)
rPois    .         Spirit   .   (helmet restricted)
rElec    .         Reflect  .   (no cloak)
rCorr    .         Harm     .   (no gloves)
MR       .....                  (no boots)
Stlth    +.........             (no amulet)
HPRegen  0.11/turn              j - +2 ring of protection
MPRegen  0.08/turn              k - ring of ice

@: no status effects
A: unfitting armour, cold-blooded, AC +5
a: Berserk, Trog's Hand, Renounce Religion


You were on level 3 of the Dungeon.
You worshipped Trog.
Trog was pleased with you.
You were not hungry.

You visited 1 branch of the dungeon, and saw 3 of its levels.

You collected 122 gold pieces.

Inventory:

Hand Weapons
 a - a +0 hand axe (weapon)
Armour
 g - a +0 leather armour
 l - a cursed -2 shield (worn)
 p - a +0 scale mail
Jewellery
 j - a +2 ring of protection (left hand)
 k - a ring of ice (right hand)
Scrolls
 c - a scroll of fear {unknown}
 d - a scroll of magic mapping {unknown}
 e - 3 scrolls of identify {unknown}
 f - 2 scrolls of fog {unknown}
 h - a scroll of amnesia {unknown}
 m - 2 scrolls of enchant weapon {unknown}
Potions
 i - a potion of heal wounds {unknown}
 n - a potion of degeneration {unknown}
 o - a potion of lignification {unknown}
 r - a potion of haste {unknown}
 s - a potion of resistance {unknown}
Comestibles
 b - 3 rations
 q - a chunk of flesh


   Skills:
 + Level 3.9 Fighting
 + Level 3.8 Axes
 + Level 3.3 Dodging
 + Level 0.1 Stealth
 + Level 0.3 Shields


You had 2 spell levels left.
You didn't know any spells.
Your spell library was empty.

Dungeon Overview and Level Annotations

Branches:
Dungeon (3/15)

Altars:

Annotations:
D:3 Grinder


Innate Abilities, Weirdness & Mutations

Your plain brown scales are hard. (AC +5)
You cannot fit into any form of body armour.
You are cold-blooded and may be slowed by cold attacks.


Message History

Grinder hits you.
You writhe in agony.
Grinder hits you but does no damage.
You closely miss Grinder.
Your tail-slap misses Grinder.
Grinder is lightly wounded.
Grinder gestures at you.
You suddenly lose the ability to move!
Grinder hits you but does no damage. Grinder gestures at you.
You shrug off the repeated paralysis!
Grinder gestures at you.
You shrug off the repeated paralysis!
Grinder gestures at you.
You shrug off the repeated paralysis!
You can move again.
Your shield prevents you from hitting Grinder.
Grinder is lightly wounded.
Grinder says, "DUCK!"
Grinder hits you!
* * * LOW HITPOINT WARNING * * *
You writhe in agony.
You die...

#. #.# .# #.# . .#
#.# .. .# #.# ... .#
#.# ..$# #####.#
#.### ..... ...#.#
#..5#...# #.#.#
#.#@...# ###...##
#.#...## #...)...
#.#..## #.......
#(#### #.......
##.###########.......
#..(.................
##############.......
#....... #.......


You could see Grinder.

Vanquished Creatures
  2 adders (D:2)
  A worm (D:2)
  2 dart slugs (D:2)
  A leopard gecko (D:2)
  An orc (D:3)
  6 bats
  3 giant cockroaches
  5 goblins
  2 hobgoblins (D:1)
  3 ball pythons
  2 frilled lizards
  8 kobolds
  2 rats
38 creatures vanquished.

Notes
Turn   | Place    | Note
-------+----------+-------------------------------------------
     0 | D:1      | Rerark the Draconian Berserker began the quest for the Orb.
     0 | D:1      | Reached XP level 1. HP: 19/19 MP: 1/1
   577 | D:1      | Reached XP level 2. HP: 26/26 MP: 2/2
   999 | D:2      | Reached ** piety under Trog
   999 | D:2      | Reached XP level 3. HP: 32/33 MP: 3/3
  1824 | D:3      | Noticed Grinder
  1831 | D:3      | Paralysed by Grinder for 5 turns
  1836 | D:3      | HP: 1/33 [Grinder (10)]
  1836 | D:3      | Slain by Grinder

Skill      XL: |  1  2 |
---------------+-------+-----
Dodging        | 3 |  3.3
Fighting       | |  3.9
Axes           | |  3.8
Stealth        | |  0.1
Shields        | |  0.3

Action                   || total
-------------------------++-------
Melee: Hand axe          ||   103
       Tailslap          ||    13
  Eat: Chunk             ||     3
Armor: Skin              ||    61
Dodge: Dodged            ||    64
Block: Shield            ||    11
